 Dungeon Crawl Stone Soup version 0.30-a0-385-gfebfb9b408 (webtiles) character file.

Game seed: 12681047146681543355

18 NinjaNoafa the Caller (level 2, -1/11 HPs)
             Began as a Felid Summoner on Dec 2, 2022.
             Slain by an adder (3 damage)
             ... on level 2 of the Dungeon.
             The game lasted 00:01:22 (740 turns).

NinjaNoafa the Caller (Felid Summoner)               Turns: 740, Time: 00:01:23

Health: -1/11      AC:  1    Str:  4    XL:     2   Next: 51%
Magic:  1/6        EV: 17    Int: 16    God:
Gold:   46         SH:  0    Dex: 16    Spells: 3/6 levels left
                                        Lives:  0   Deaths: 0

rFire   . . .      SeeInvis +    (weapon unavailable)
rCold   . . .      Faith    .    (shield unavailable)
rNeg    . . .      Spirit   .    (body armour unavailable)
rPois   .          Reflect  .    (helmet unavailable)
rElec   .          Harm     .    (cloak unavailable)
rCorr   .          Rampage  .    (gloves unavailable)
Will    .....                    (boots unavailable)
Stlth   ++........               (no amulet)
HPRegen 0.21/turn                (no ring)
MPRegen 0.10/turn                (no ring)

@: lethally poisoned (-1 -> -7), quick
A: very small, claws 1, fangs 3, see invisible, speed 1, shaggy fur 1, stealthy
paws, no weapons or thrown items, no armour, multi-lived
a: no special abilities


You were on level 2 of the Dungeon.
You visited 1 branch of the dungeon, and saw 2 of its levels.

You collected 46 gold pieces.

Inventory:

Scrolls
 d - a scroll of noise {unknown}
 f - a scroll of identify {unknown}
Potions
 a - a potion of magic
 b - a potion of attraction {unknown}
 c - a potion of flight {unknown}
 e - a potion of heal wounds {unknown}


   Skills:
 - Level 2.6 Dodging
 - Level 2.6 Stealth
 + Level 2.5 Spellcasting
 + Level 4.3 Summonings


You had 3 spell levels left.
You knew the following spells:

 Your Spells              Type           Power      Damage    Failure   Level
a - Summon Small Mammal   Summ           64%        N/A       3%          1
b - Call Imp              Summ           16%        N/A       4%          2

Your spell library contained the following spells:

 Spells                   Type           Power      Damage    Failure   Level
 Call Canine Familiar     Summ           16%        N/A       10%         3
 Summon Guardian Golem    Hex/Summ       9%         N/A       24%         3
 Summon Lightning Spire   Summ/Air       9%         N/A       63%         4


Dungeon Overview and Level Annotations

Branches:
Dungeon (2/15)

Altars:


Innate Abilities, Weirdness & Mutations

You have sharp claws.
You have razor-sharp teeth.
You have supernaturally acute eyesight. (SInv)
You cover ground quickly. (Speed+)
You are covered in fur. (AC +1)
Your paws help you pounce on unaware monsters.
You are incapable of wielding weapons or throwing items.
You cannot wear armour.
You gain extra lives every three experience levels.


Message History

Your rat misses the adder. The adder bites your rat.
Your rat dies!
Your rat's corpse disappears in a puff of smoke!
The adder completely misses your bat.
Your bat closely misses the adder.
Your bat hits the adder.
Your bat hits the adder but does no damage.
The adder bites your bat.
Your bat is poisoned.
The adder poisons your bat!
Your bat misses the adder. The adder barely misses your bat.
Your bat barely misses the adder.
Casting: Summon Small Mammal (safe; 3% risk of failure)
Confirm with . or Enter, or press ? or * to list all spells.
A shadowy apparition takes form in the air.
Your bat closely misses the adder.
The adder bites your bat.
Your bat dies!
Your bat's corpse disappears in a puff of smoke!
Your rat barely misses the adder.
Your rat bites the adder.
The adder completely misses you.
Your rat barely misses the adder.
Your shadow imp misses the adder.
A bat comes into view.
The adder bites you.
You are poisoned.
The adder poisons you!
You feel sick. The adder attacks as you move away!
The adder closely misses you.
Found a leather armour.
You feel sick. The adder attacks as you move away! The adder bites you.
You are more poisoned.
The adder poisons you!
* * * LOW HITPOINT WARNING * * *
You feel sick.
Casting: Call Imp (safe; 4% risk of failure)
Confirm with . or Enter, or press ? or * to list all spells.
* * * LOW HITPOINT WARNING * * *
You feel sick. The adder completely misses you.
Your shadow imp barely misses the adder.
The adder bites you.
You die...

##.# . [.. ..
.. ... #.###
#...#...#
#.......# #
....##..#b#
.....r.@#.###..
#......S.......
#.#.#.r5#.#....
#.#.#...#.# ..
....#..)#.#
........#.#
.....<<..#.#
...
#.....#..#.#
#.#
#.)...#..#.#
#..


You could see an adder (ally target), a friendly shadow imp (summoned) and 2
friendly rats.

Vanquished Creatures
  A giant cockroach (D:1)
1 creature vanquished.

Vanquished Creatures (collateral kills)
  2 bats (D:1)
  2 endoplasms (D:2)
  A goblin (D:1)
  A hobgoblin (D:1)
  2 quokkas (D:1)
  A ball python (D:1)
  2 frilled lizards
  4 kobolds (D:1)
  3 rats (D:1)
18 creatures vanquished.

Grand Total: 19 creatures vanquished

Notes
Turn   | Place    | Note
-------+----------+-------------------------------------------
     0 | D:1      | NinjaNoafa the Felid Summoner began the quest for the Orb.
     0 | D:1      | Reached XP level 1. HP: 7/7 MP: 4/4
   250 | D:1      | Found a faded altar of an unknown god.
   281 | D:1      | Reached XP level 2. HP: 7/11 MP: 4/6
   329 | D:1      | Learned a level 2 spell: Call Imp
   719 | D:2      | Identified the +8 spear of the Nexus {drain, rC+}
   740 | D:2      | Slain by an adder

Illustrated notes

Levels and vault maps discovered:
D:1:      dpeg_arrival_rhombus, layout_basic,
          hellmonk_ecumenical_altar_arch_garden
D:2:      layout_basic, dreamdust_princess_bridge, grunt_ministairs_7,
          uniq_robin

Action                   || total
-------------------------++-------
Melee: Unarmed           ||     2
 Cast: Summon Small Mamm ||    23
       Call Imp          ||     4
Armor: Skin              ||     5
Dodge: Dodged            ||    37

Table legend: (Time is in decaauts)
 A = Elapsed time spent in this place.
 B = Non-inter-level travel time spent in this place.
 C = Inter-level travel time spent in this place.
 D = Time resting spent in this place.
 E = Time spent auto-exploring this place.
 F = Levels seen in this place.
 G = Mean time per level.
                   A        B        C        D        E       F      G
               +--------+--------+--------+--------+--------+-----+--------+
         Total |    642 |    608 |     34 |      0 |    385 |   2 |  321.0 |
       Dungeon |    642 |    608 |     34 |      0 |    385 |   2 |  321.0 |
               +--------+--------+--------+--------+--------+-----+--------+

Top non-repeatable levels by time:
     D:1: 563 daAuts
     D:2: 79 daAuts
